 Dungeon Crawl Stone Soup version 0.20-a0-656-g9b0dcd9 (webtiles) character file.

430 GlassEater the Chopper (level 7, -11/54 HPs)
             Began as a Human Monk on Feb 16, 2017.
             Mangled by an ogre
             ... wielding a +0 giant club
              (25 damage)
             ... on level 4 of the Dungeon.
             The game lasted 00:05:58 (3375 turns).

GlassEater the Chopper (Human Monk)                 Turns: 3375, Time: 00:05:59

Health: -11/54     AC:  8    Str: 10 (12) XL:     7   Next: 19%
Magic:  7/7        EV: 12    Int:  7 (10) God:
Gold:   127        SH:  0    Dex: 16 (17) Spells: 6/6 levels left

rFire    x . .     SeeInvis .   z - +0 war axe
rCold    + + +     Gourm    .   a - +2 ring mail {rC+}
rNeg     . . .     Faith    .   (no shield)
rPois    .         Spirit   .   (no helmet)
rElec    .         Reflect  .   (no cloak)
rCorr    .         Harm     .   p - +0 pair of gloves
MR       .....                  (no boots)
Stlth    +.........             (no amulet)
Regen    0.2/turn               B - ring of protection from cold
MPRegen  0.1/turn               d - ring of ice

@: hasted, very quick
A: no striking features
a: no special abilities


You were on level 4 of the Dungeon.
You were not hungry.

You visited 1 branch of the dungeon, and saw 5 of its levels.

You collected 127 gold pieces.

Inventory:

Hand Weapons
 z - a +0 war axe (weapon)
Armour
 a - a +2 ring mail of cold resistance (worn)
 p - a +0 pair of gloves (worn)
Jewellery
 d - a ring of ice (left hand)
 m - an uncursed ring of magical power
 B - a ring of protection from cold (right hand)
Wands
 y - a wand of polymorph (8/24)
Scrolls
 b - 3 scrolls of identify {unknown}
 f - 2 scrolls of amnesia {unknown}
 i - a scroll of recharging {unknown}
 l - a scroll of magic mapping {unknown}
 o - a scroll of blinking {unknown}
 q - a scroll of fear {unknown}
 s - a scroll of fog {unknown}
Potions
 e - a potion of ambrosia {unknown}
 g - a potion of flight {unknown}
 j - 3 potions of curing {unknown}
 k - 2 potions of haste
 t - a potion of resistance {unknown}
 u - a potion of degeneration
 v - a potion of agility {unknown}
 w - a potion of brilliance {unknown}
 A - a potion of heal wounds {unknown}
Books
 x - a book of Callings

   Spells                             Type                      Level
   a - Summon Small Mammal            Summoning                    1
   b - Call Imp                       Summoning                    2
   c - Call Canine Familiar           Summoning                    3
   d - Summon Guardian Golem          Hexes/Summoning              3
   e - Summon Lightning Spire         Summoning/Air                4
   f - Summon Ice Beast               Ice/Summoning                4
Comestibles
 c - 4 bread rations
 h - 4 royal jellies
 r - 3 fruits


   Skills:
 + Level 4.2 Fighting
 + Level 5.5 Axes
 + Level 2.7 Armour
 + Level 4.1 Dodging
 - Level 2.0 Stealth


You had 6 spell levels left.
You didn't know any spells.

Dungeon Overview and Level Annotations

Branches:
Dungeon (5/15)
 Temple: D:4-7

Altars:
Cheibriados
Fedhas
Nemelex Xobeh


Message History

The ogre is lightly wounded.
The ogre hits you with a giant club!
You hit the ogre but do no damage.
The ogre is lightly wounded.
The ogre hits you with a giant club!
* * * LOW HITPOINT WARNING * * *
You hit the ogre but do no damage.
The ogre is lightly wounded.
The ogre barely misses you.
There is a stone staircase leading up here.
The ogre closely misses you.
You climb upwards.
There is a stone staircase leading down here.
It was a potion of degeneration.
There was something very wrong with that liquid.
You feel weakened.
You feel dopey.
You feel clumsy. The ogre misses you.
It was a potion of haste.
You feel yourself speed up. The ogre hits you with a giant club!!
You die...

♣♣♣ #.....#.............. ♣♣♣P♣
#####...##..##.........)
♣♣P≈.♣♣#...#.<.##..##....#####'
♣P≈≈≈P♣♣.♣.........##....##....
♣♣≈≈≈.♣..♣#........########..†.
♣P♣≈♣P..♣♣##..)##..##..........
♣♣♣...P♣♣.##...##..##..........
♣.♣♣♣♣....[.O#...########.###
### #.......@#...##...#♣♣♣##.
####..##...#...............
#.....##...#.........♣♣♣...
##.........#...#######+###.
#.........######...##..##.
####...##...##..##.......###
#..######.......#.......>.#
#......(........#.........#
#.........PP♣♣..##'####...#


You could see an ogre.

Vanquished Creatures
  2 ogres (D:4)
  A scorpion (D:4)
  A centaur skeleton (D:4)
  Terence (D:3)
  A worker ant (D:4)
  5 adders
  3 worms
  3 dart slugs
  A leopard gecko (D:1)
  5 orcs
  3 ball pythons (D:1)
  8 bats
  2 giant cockroaches
  5 goblins
  5 hobgoblins (D:1)
  12 jackals
  A quokka (D:3)
  9 frilled lizards
  7 kobolds
  9 rats
84 creatures vanquished.

Notes
Turn   | Place    | Note
-------+----------+-------------------------------------------
     0 | D:1      | GlassEater the Human Monk began the quest for the Orb.
     0 | D:1      | Reached XP level 1. HP: 18/18 MP: 1/1
   117 | D:1      | Reached XP level 2. HP: 22/24 MP: 2/2
   313 | D:1      | Reached XP level 3. HP: 26/29 MP: 3/3
  1114 | D:2      | Reached skill level 1 in Armour
  1114 | D:2      | Reached XP level 4. HP: 30/35 MP: 4/4
  1143 | D:2      | Found a snail-covered altar of Cheibriados.
  1658 | D:2      | Found a blossoming altar of Fedhas.
  1658 | D:2      | Found a sparkling altar of Nemelex Xobeh.
  1870 | D:3      | Reached skill level 4 in Axes
  2218 | D:3      | Reached XP level 5. HP: 38/41 MP: 5/5
  2459 | D:3      | Noticed Terence
  2480 | D:3      | Killed Terence
  2700 | D:4      | Noticed an ogre
  2707 | D:4      | Killed an ogre
  2707 | D:4      | Reached XP level 6. HP: 37/48 MP: 6/6
  2893 | D:4      | Reached skill level 5 in Axes
  2925 | D:4      | Noticed an ogre
  2930 | D:4      | Killed an ogre
  2993 | D:4      | Reached XP level 7. HP: 47/54 MP: 7/7
  3363 | D:5      | Entered Level 5 of the Dungeon
  3375 | D:4      | Mangled by an ogre

Vault maps used:
D:1:      minmay_arrival_nine_rooms, minmay_hexomino_c4
D:2:      gammafunk_temple_overflow_statue, first_bread, cheibriados_altar_1
D:3:      uniq_terence
D:4:      serial_forest, infiniplex_forest_clump_C, infiniplex_forest_pool,
          infiniplex_forest_corner_1, infiniplex_forest_straight_1,
          infiniplex_forest_clump_medium, infiniplex_forest_clump_double,
          infiniplex_forest_lined_ring, infiniplex_forest_zigzag_2
D:5:      old_standard_altar, uniq_duvessa, uniq_pikel

Skill      XL: |  1  2  3  4  5  6 |
---------------+-------------------+-----
Armour         | 1 2 |  2.7
Axes           | 4 5 |  5.5
Fighting       | 4 |  4.2
Dodging        | 4 |  4.1
Stealth        | |  2.0

Action                   |  1- 3 |  4- 6 |  7- 9 || total
-------------------------+-------+-------+-------++-------
Melee: Hand axe          |   127 |    80 |       ||   207
       War axe           |       |    57 |    41 ||    98
  Use: Potion            |       |       |     2 ||     2
 Stab: Sleeping          |     2 |     2 |       ||     4
  Eat: Chunk             |     1 |     6 |     1 ||     8
Armor: Ring mail         |    48 |    39 |    19 ||   106
       Robe              |     2 |       |       ||     2
Dodge: Dodged            |    89 |    81 |    31 ||   201
